 Dungeon Sprint DCSS version 0.24.0-1-gfbc8707 (webtiles) character file.

Game seed: 3705416697972955781, levelgen mode: deterministic

50585 Fang the Warrior (level 14, -28/162 HPs)
             Began as a Gargoyle Berserker on Nov 4, 2019.
             Was the Champion of Trog.
             Killed from afar by a frost giant (43 damage)
             ... with a bolt of cold
             ... in the Dungeon (Sprint V: "Ziggurat Sprint").
             The game lasted 00:07:14 (1921 turns).

Fang the Warrior (Gargoyle Berserker)               Turns: 1921, Time: 00:07:14

Health: -28/162    AC: 47    Str: 44    XL:     14   Next: 55%
Magic:  14/14      EV: 10    Int:  8    God:    Trog [******]
Gold:   0          SH: 36    Dex:  9    Spells: 13/13 levels left

rFire    . . .     SeeInvis .   a - +9 broad axe (chop)
rCold    . . .     Gourm    .   E - +18 shield of the Gong {rElec rN+ MR+ EV-5}
rNeg     + + +     Faith    .   b - +15 Maxwell's patent armour {-Cast -Tele rElec MR+ rCorr}
rPois    ∞         Spirit   .   (no helmet)
rElec    +         Reflect  .   J - +1 cloak "Weesteng" {Stlth+}
rCorr    +         Harm     .   N - +1 pair of gloves {Str+3}
MR       +++++     Clarity  +   (no boots) Stlth ..........NoTele +
                                y - amulet of the Four Winds {rN+ MR+++ Clar}
HPRegen  0.37/turn NoCast   +   C - +6 ring of strength
MPRegen  0.14/turn              D - +6 ring of strength

@: berserking, studying 2 skills, very quick
A: big wings, berserk 1, dopey 1, negative energy resistance 1, electricity
resistance, unbreathing, petrification resistance, rot immunity, AC +10
a: Fly, Berserk, Trog's Hand, Brothers in Arms, Renounce Religion


You were in the Dungeon.
You worshipped Trog.
Trog was exalted by your worship.
You were hungry.

You visited 1 branch

Inventory:

Hand Weapons
 a - a +9 broad axe of chopping (weapon)
 B - a +6 antimagic broad axe
 K - a +4 vampiric broad axe
 L - the +7 war axe "Ruoreis" {chop, +Fly rElec rN+ Str+3}
   (You found it in the Dungeon)

   It inflicts extra damage upon your enemies.
   It affects your strength (+3).
   It insulates you from electricity.
   It protects you from negative energy.
   It lets you fly.
Armour
 b - the +15 Maxwell's patent armour (worn) {-Cast -Tele rElec MR+ rCorr}
   (You found it in the Dungeon)

   It insulates you from electricity.
   It affects your resistance to hostile enchantments.
   It prevents spellcasting.
   It prevents most forms of teleportation.
   It provides partial protection from all sources of acid and corrosion.
 E - the +18 shield of the Gong (worn) {rElec rN+ MR+ EV-5}
   (You found it in the Dungeon)

   It affects your evasion (-5).
   It insulates you from electricity.
   It protects you from negative energy.
   It affects your resistance to hostile enchantments.
 F - a +1 pair of gloves of dexterity
 J - the +1 cloak "Weesteng" (worn) {Stlth+}
   (You found it in the Dungeon)

   It makes you more stealthy.
 N - a +1 pair of gloves of strength (worn)
Jewellery
 g - an uncursed ring of positive energy
 o - an uncursed ring of protection from cold
 y - the amulet of the Four Winds (around neck) {rN+ MR+++ Clar}
   (You found it in the Dungeon)

   [amulet of nothing]

   It protects you from negative energy.
   It affects your resistance to hostile enchantments.
   It protects you against confusion.
 A - the ring of Baorid {rElec Int-5 Dex+3 Stlth+}
   (You found it in the Dungeon)

   [ring of dexterity]

   It affects your intelligence (-5).
   It affects your dexterity (+3).
   It insulates you from electricity.
   It makes you more stealthy.
 C - a +6 ring of strength (left hand)
 D - a +6 ring of strength (right hand)
 I - an uncursed ring of resist corrosion
 M - the ring of Robustness {AC+8}
   (You found it in the Dungeon)

   [ring of protection]

   It affects your AC (+8).
Wands
 u - a wand of disintegration (7)
 v - a wand of iceblast (7)
 w - a wand of acid (7)
Scrolls
 i - 4 scrolls of blinking
 j - 7 scrolls of fog
 k - a scroll of holy word
 l - 5 scrolls of identify
 m - 5 scrolls of remove curse
 n - 2 scrolls of fear
 x - 4 scrolls of enchant armour
Potions
 d - 10 potions of curing
 e - 14 potions of heal wounds
 f - 6 potions of haste
 h - 3 potions of berserk rage
 p - 2 potions of invisibility
 q - 4 potions of resistance
 r - a potion of experience
 s - 5 potions of agility
 t - 6 potions of might
Books
 G - a manual of Unarmed Combat
 H - a manual of Long Blades
Comestibles
 c - 5 rations


   Skills:
 * Level 20.7 Fighting
 * Level 18.0 Axes
 + Level 15.3 Armour
 + Level 12.2 Dodging
 * Level 20.5 Shields


You had 13 spell levels left.
You didn't know any spells.
Your spell library was empty.

Dungeon Overview and Level Annotations

Branches:
Dungeon (1/1)

Altars:
Ashenzari
Cheibriados
Dithmenos
Elyvilon
Fedhas
Gozag
Hepliaklqana
Kikubaaqudgha
Makhleb
Nemelex Xobeh
Okawaru
Qazlal
Ru
Sif Muna
Trog
Uskayaw
Vehumet
Wu Jian
Xom
Yredelemnul
Zin
The Shining One
Beogh
Jiyva
Lugonu

Annotations:
D 1 transporter


Innate Abilities, Weirdness & Mutations

You are resistant to torment.
Your stone body is resilient. (AC +10)
You are immune to poison.
Your large and strong wings let you fly indefinitely.
You resist negative energy. (rN+)
You are resistant to electric shocks. (rElec)
You can survive without breathing.
You are immune to petrification.
You are immune to rotting.
You tend to lose your temper in combat.
You are dopey. (Int -2)


Message History

You block the freezing wraith's attack.
GONNNNG!
The frost giant casts a spell at you. The bolt of cold hits you!
The bolt of cold hits the freezing wraith.
The freezing wraith completely resists.
The ice dragon breathes frost at you.
The blast of cold hits the blizzard demon!
The blizzard demon resists.
The blast of cold hits you!!!
* * * LOW HITPOINT WARNING * * *
You are too injured to fight recklessly!
You slice the blizzard demon like a ripe choko!!!
You kill the blizzard demon!
Trog accepts your kill.
Your Axes skill increases to level 18!
You slash the freezing wraith! You hit the frost giant.
The frost giant gestures at you while chanting.
The bolt of cold hits the freezing wraith.
The freezing wraith completely resists.
The bolt of cold hits you!!!
You die...

▓▓▓▓▓▓▓▓▓▓▓▓▓▓▓..........
.....8©8.....▓..........
.[|)=:::|.|).▓..........
..}):}})=:|..▓.....†....
▓.............▓..▓..)..▓.
▓.......C.....▓.▓▓▓...▓▓▓
▓......5D.....▓..▓.....▓.
▓.....C○.[Y...▓.....©....
▓......W@C....▓▓▓▓▓▓▓▓▓▓▓
..▓.......▓..▓...8©8...▓
▓ ▓.▓.....▓.▓ ▓..:}.).).▓
▓..▓.......▓..▓..|..):..▓
▓.............▓.........▓
▓......©......▓......b..▓
▓▓▓▓▓▓▓▓▓▓▓▓▓▓▓.........▓
▓.........▓ ▓..▓|))▓..▓


You could see 3 frost giants, an ice dragon, a freezing wraith, an ice beast and
a white imp.

Vanquished Creatures
  2 shadow dragons (D)
  An azure jelly (D)
  An orc warlord (D)
  A ghoul (D)
  An ironheart preserver (D)
  A stone giant (D)
  An apis (D)
  A dire elephant (D)
  A blizzard demon (D)
  A death ooze (D)
  A great orb of eyes (D)
  A yaktaur captain (D)
  2 naga warriors (D)
  2 ice dragons (D)
  5 vault guards (D)
  5 spriggan air magi (D)
  An anaconda (D)
  3 shambling mangroves (D)
  A two-headed ogre (D)
  An ogre mage (D)
  5 spriggans (D)
  8 spriggan berserkers (D)
  A deep elf knight (D)
  2 spriggan druids (D)
  An ironbrand convoker (D)
  A faun (D)
  An orc sorcerer (D)
  4 orc knights (D)
  A wolf spider (D)
  2 shining eyes (D)
  2 deep elf magi (D)
  A cyclops (D)
  3 naga magi (D)
  2 guardian serpents (D)
  A black mamba (D)
  An ice devil (D)
  2 yaktaurs (D)
  4 merfolk (D)
  3 trolls (D)
  A wind drake (D)
  6 slime creatures (D)
  10 hornets (D)
  2 hippogriffs (D)
  An air elemental (D)
  3 nagas (D)
  4 water moccasins (D)
  4 black bears (D)
  5 orc warriors (D)
  4 ice beasts (D)
  3 ogres (D)
  2 necrophages (D)
  2 wolves (D)
  3 wights (D)
  3 jellies (D)
  2 orc wizards (D)
  2 adders (D)
  A river rat (D)
  A white imp (D)
  A spectral adder (D)
  3 adder zombies (D)
  3 adder skeletons (D)
  4 orcs (D)
  A spectral bat (D)
  3 ball pythons (D)
  3 bat skeletons (D)
  A jackal (D)
  A bat simulacrum (D)
  2 leopard gecko simulacra (D)
  A quokka skeleton (D)
  A spectral leopard gecko (D)
  A butterfly (D)
162 creatures vanquished.

Vanquished Creatures (collateral kills)
  A vault guard (D)
  A yaktaur (D)
2 creatures vanquished.

Grand Total: 164 creatures vanquished

Notes
Turn   | Place    | Note
-------+----------+-------------------------------------------
     0 | D        | Fang the Gargoyle Berserker began the quest for the Orb.
     0 | D        | Reached XP level 1. HP: 14/14 MP: 1/1
     6 | D        | Found a blossoming altar of Fedhas.
     7 | D        | Found the +6 Majin-Bo {vamp, Archmagi MP+6 Int+6}
     7 | D        | Found the +7 great mace "Firestarter" {inner flame, rF++}
     7 | D        | Found a transporter.
     7 | D        | Found a viscous altar of Jiyva.
     7 | D        | Found an ancient bone altar of Kikubaaqudgha.
     7 | D        | Found a hazy altar of Hepliaklqana.
     7 | D        | Found a corrupted altar of Lugonu.
     7 | D        | Found an opulent altar of Gozag.
     7 | D        | Found a burning altar of Makhleb.
    13 | D        | Found an iron altar of Okawaru.
    13 | D        | Found a sparkling altar of Nemelex Xobeh.
    13 | D        | Found a stormy altar of Qazlal.
    13 | D        | Found a sacrificial altar of Ru.
    13 | D        | Found a shimmering blue altar of Sif Muna.
    18 | D        | Found the +9 heavy crossbow "Sniper" {velocity, Acc+∞ SInv}
    18 | D        | Found the +10 dark maul {crush}
    18 | D        | Found the +15 Maxwell's patent armour {-Cast -Tele rElec
                  | MR+ rCorr}
    18 | D        | Found the +18 shield of the Gong {rElec rN+ MR+ EV-5}
    18 | D        | Found the cursed +14 obsidian axe {chop, +Fly SInv *Curse}
    34 | D        | Found a bloodstained altar of Trog.
    79 | D        | Entered arena 2.
    79 | D        | Noticed a naga
    79 | D        | Found a transporter.
    87 | D        | Reached skill level 1 in Shields
    87 | D        | Reached XP level 2. HP: 20/20 MP: 2/2
    91 | D        | Killed a naga
    91 | D        | Reached skill level 5 in Axes
    91 | D        | Reached skill level 5 in Shields
    91 | D        | Reached XP level 3. HP: 24/27 MP: 3/3
    91 | D        | Reached XP level 4. HP: 29/32 MP: 4/4
    91 | D        | Reached XP level 5. HP: 33/36 MP: 5/5
   195 | D        | Entered arena 3.
   195 | D        | Found a transporter.
   197 | D        | Reached ** piety under Trog
   210 | D        | Entered arena 4.
   210 | D        | Noticed a wolf
   210 | D        | Noticed a wolf
   210 | D        | Found a transporter.
   214 | D        | Killed a wolf
   214 | D        | Reached *** piety under Trog
   217 | D        | Reached skill level 5 in Armour
   217 | D        | Reached XP level 6. HP: 44/44 MP: 6/6
   240 | D        | Entered arena 5.
   240 | D        | Noticed a deep elf mage
   240 | D        | Noticed an air elemental
   240 | D        | Noticed a deep elf mage
   240 | D        | Noticed a deep elf knight
   240 | D        | Found a transporter.
   244 | D        | Killed an air elemental
   244 | D        | Reached XP level 7. HP: 50/50 MP: 7/7
   245 | D        | Killed a deep elf mage
   245 | D        | Reached **** piety under Trog
   249 | D        | Killed a deep elf mage
   249 | D        | Reached skill level 10 in Fighting
   249 | D        | Reached skill level 5 in Dodging
   249 | D        | Reached XP level 8. HP: 57/57 MP: 8/8
   251 | D        | Killed a deep elf knight
   251 | D        | Reached ***** piety under Trog
   251 | D        | Received a gift from Trog
   251 | D        | Reached skill level 10 in Shields
   330 | D        | Entered arena 6.
   330 | D        | Noticed a troll
   330 | D        | Noticed a two-headed ogre
   330 | D        | Noticed a troll
   330 | D        | Found a transporter.
   331 | D        | Found the +7 Kryia's mail coat {PotionHeal*2 rC+}
   337 | D        | Received a gift from Trog
   338 | D        | Killed a two-headed ogre
   338 | D        | Reached skill level 10 in Axes
   338 | D        | Reached XP level 9. HP: 65/65 MP: 9/9
   338 | D        | Killed a troll
   339 | D        | Killed a troll
   404 | D        | Entered arena 7.
   404 | D        | Noticed a merfolk
   404 | D        | Noticed a merfolk
   404 | D        | Noticed a merfolk
   404 | D        | Noticed a merfolk
   405 | D        | Found a transporter.
   411 | D        | Killed a merfolk
   414 | D        | Killed a merfolk
   414 | D        | Received a gift from Trog
   414 | D        | Reached XP level 10. HP: 72/72 MP: 10/10
   459 | D        | Entered arena 8.
   459 | D        | Noticed a vault guard
   459 | D        | Noticed an ironbrand convoker
   459 | D        | Noticed an ice dragon
   459 | D        | Noticed an ogre mage
   459 | D        | Noticed an ironheart preserver
   460 | D        | Found the amulet of the Four Winds {rN+ MR+++ Clar}
   461 | D        | Found a transporter.
   469 | D        | Killed an ironheart preserver
   470 | D        | Killed an ogre mage
   470 | D        | Received a gift from Trog
   470 | D        | Reached skill level 10 in Armour
   472 | D        | Killed an ironbrand convoker
   472 | D        | Received a gift from Trog
   477 | D        | Killed an ice dragon
   477 | D        | Reached XP level 11. HP: 18/80 MP: 11/11
   480 | D        | Killed a vault guard
   577 | D        | Entered arena 9.
   578 | D        | Found a transporter.
   583 | D        | Received a gift from Trog
   585 | D        | Reached ****** piety under Trog
   599 | D        | Entered arena 10.
   600 | D        | Found a transporter.
   605 | D        | Received a gift from Trog
   623 | D        | Got the ring of Baorid {rElec Int-5 Dex+3 Stlth+}
   627 | D        | Entered arena 11.
   627 | D        | Noticed a spriggan druid
   627 | D        | Noticed a spriggan rider
   627 | D        | Noticed a spriggan rider
   627 | D        | Noticed a spriggan rider
   628 | D        | Found a transporter.
   633 | D        | Killed a spriggan rider
   633 | D        | Received a gift from Trog
   637 | D        | Reached skill level 15 in Fighting
   638 | D        | Received a gift from Trog
   641 | D        | Killed a spriggan druid
   641 | D        | Received a gift from Trog
   644 | D        | Reached skill level 15 in Shields
   663 | D        | Got the amulet "Foosauwk" {Harm *Drain Int+2}
   735 | D        | Entered arena 12.
   735 | D        | Noticed a vault guard
   735 | D        | Noticed a vault guard
   735 | D        | Noticed a shadow dragon
   735 | D        | Noticed a stone giant
   735 | D        | Noticed a yaktaur captain
   735 | D        | Noticed a vault guard
   735 | D        | Noticed a vault guard
   736 | D        | Identified the +3 hunting sling "Newtslayer" {venom, rElec
                  | rC+ Stlth-}
   736 | D        | Noticed a vault guard
   739 | D        | Found a transporter.
   744 | D        | Killed a yaktaur captain
   744 | D        | Killed a vault guard
   746 | D        | Killed a vault guard
   746 | D        | Received a gift from Trog
   748 | D        | Killed a vault guard
   748 | D        | Reached XP level 12. HP: 88/88 MP: 12/12
   750 | D        | Killed a stone giant
   754 | D        | Killed a vault guard
   754 | D        | Killed a vault guard
   759 | D        | Killed a shadow dragon
   808 | D        | Entered arena 13.
   808 | D        | Noticed an apis
   808 | D        | Noticed a spriggan air mage
   808 | D        | Noticed a shambling mangrove
   808 | D        | Noticed a shambling mangrove
   809 | D        | Noticed a spriggan berserker
   809 | D        | Noticed a spriggan berserker
   809 | D        | Noticed a shambling mangrove
   812 | D        | Killed a spriggan air mage
   812 | D        | Received a gift from Trog
   824 | D        | Killed a shambling mangrove
   824 | D        | Reached skill level 10 in Dodging
   825 | D        | Killed a spriggan berserker
   827 | D        | Killed an apis
   827 | D        | Received a gift from Trog
   827 | D        | Reached skill level 15 in Axes
   831 | D        | Killed a shambling mangrove
   839 | D        | Killed a spriggan berserker
   839 | D        | Reached XP level 13. HP: 8/97 MP: 13/13
   840 | D        | Found a transporter.
   842 | D        | Received a gift from Trog
  1188 | D        | Entered arena 14.
  1189 | D        | Noticed a ghoul
  1190 | D        | Noticed a shadow dragon
  1191 | D        | Found a transporter.
  1198 | D        | Received a gift from Trog
  1204 | D        | Killed a ghoul
  1211 | D        | Killed a shadow dragon
  1250 | D        | Entered arena 15.
  1251 | D        | Noticed an orc warlord
  1252 | D        | Found the +10 morningstar "Eos" {elec, Halo rElec}
  1252 | D        | Identified the +5 spear of Devotion {holy, *Rage Dex+3
                  | SInv}
  1253 | D        | Found a transporter.
  1262 | D        | Received a gift from Trog
  1267 | D        | Killed an orc warlord
  1283 | D        | Received a gift from Trog
  1326 | D        | Got the +1 cloak "Weesteng" {Stlth+}
  1421 | D        | Entered arena 16.
  1422 | D        | Noticed a death ooze
  1423 | D        | Found the +12 Vampire's Tooth {vamp}
  1423 | D        | Noticed a great orb of eyes
  1423 | D        | Noticed an azure jelly
  1424 | D        | Found a transporter.
  1427 | D        | Killed a death ooze
  1431 | D        | Received a gift from Trog
  1432 | D        | Killed an azure jelly
  1433 | D        | Killed a great orb of eyes
  1433 | D        | Gained mutation: You are dopey. (Int -2) [a shining eye]
  1435 | D        | Gained mutation: You tend to lose your temper in combat. [a
                  | shining eye]
  1440 | D        | Received a gift from Trog
  1450 | D        | Got the +7 war axe "Ruoreis" {chop, +Fly rElec rN+ Str+3}
  1504 | D        | Entered arena 17.
  1521 | D        | Received a gift from Trog
  1526 | D        | Received a gift from Trog
  1526 | D        | Gained mutation: Your large and strong wings let you fly
                  | indefinitely. [Gargoyle growth]
  1526 | D        | Reached XP level 14. HP: 106/106 MP: 12/14
  1528 | D        | Found a transporter.
  1592 | D        | Entered arena 18.
  1595 | D        | Noticed a dire elephant
  1596 | D        | Found the ring of Robustness {AC+8}
  1596 | D        | Identified the cursed +0 lajatang of False Accusations
                  | {freeze, Int+8 Stlth-}
  1603 | D        | Received a gift from Trog
  1607 | D        | Received a gift from Trog
  1614 | D        | Received a gift from Trog
  1618 | D        | Received a gift from Trog
  1618 | D        | Reached skill level 15 in Armour
  1619 | D        | Killed a dire elephant
  1625 | D        | Found a transporter.
  1627 | D        | Received a gift from Trog
  1904 | D        | Entered arena 19.
  1909 | D        | Noticed a frost giant
  1910 | D        | Noticed a frost giant
  1910 | D        | Noticed a frost giant
  1911 | D        | Found the -2 hat of the Alchemist {rElec rPois rF+ rC+ rN+
                  | MR+ rMut rCorr}
  1912 | D        | Found a transporter.
  1918 | D        | Received a gift from Trog
  1921 | D        | Killed from afar by a frost giant

Levels and vault maps discovered:
D:        sprint_v [room_start, room_1, room_2, room_3, room_4, room_5, room_6,
          room_7, room_8, room_9, room_10, room_11, room_12, room_13, room_14,
          room_15, room_16, room_17, room_18, room_19, room_20, room_21,
          room_22, room_23, room_24, room_25, room_26, room_27]

Skill      XL: |  1  2  3  4  5  6  7  8  9 10 11 12 13 14 |
---------------+-------------------------------------------+-----
Fighting       | 4 6 7 8 10 11 12 14 16 17 19 20 | 20.7
Axes           | 3 5 6 7 8 10 12 13 15 16 18 | 18.0
Shields        | 1 5 6 7 9 11 12 13 15 17 19 20 | 20.5
Armour         | 4 5 6 7 8 9 10 11 13 14 15 | 15.3
Dodging        | 3 4 5 6 8 9 10 11 12 | 12.2

Action                   |  1- 3 |  4- 6 |  7- 9 | 10-12 | 13-15 || total
-------------------------+-------+-------+-------+-------+-------++-------
Melee: Broad axe         |    10 |    25 |    21 |   102 |   130 ||   288
Invok: Berserk           |     1 |     1 |     2 |     3 |     6 ||    13
       Trog's Hand       |       |       |       |     1 |       ||     1
       Brothers in Arms  |       |       |       |     1 |       ||     1
  Use: Scroll            |       |       |     5 |       |     3 ||     8
  Eat: Chunk             |       |       |     1 |     5 |     3 ||     9
       Ration            |       |       |       |       |     2 ||     2
Armor: Plate armour      |     6 |    17 |    21 |    60 |    41 ||   145
Dodge: Dodged            |     1 |     3 |     2 |    12 |    14 ||    32
Block: Shield            |    12 |    49 |    45 |   199 |   184 ||   489
